TOP OF THE 1ST |
Irvine Gang Green batting - Pitching for San Francisco Bandits : RHP Mabuchi Yoshida
|
Pitching: RHP Mabuchi Yoshida
|
|
Batting: LHB Jesús Campos
|
0-0: Called Strike 0-1: Ball 1-1: Swinging Strike 1-2: Foul Ball, location: 2F 1-2: Ball 2-2: Ball 3-2: Base on Balls
|
Batting: RHB José Salazar
|
0-0: Called Strike 0-1: Ball 1-1: Ball 2-1: Ball 3-1: Base on Balls Jesús Campos to second
|
Batting: RHB Buck Jones
|
0-0: Ball 1-0: Ball 2-0: Foul Ball, location: 2F 2-1: Ball 3-1: Base on Balls Jesús Campos to third José Salazar to second
|
Batting: LHB Víctor Quiñones
|
0-0: Grounds out, U3 (Groundball, 3L) Jesús Campos scores José Salazar to third
|
Batting: RHB Manny Copriviza
|
0-0: Ball Wild Pitch! José Salazar scores Buck Jones to third 1-0: Ball 2-0: Swinging Strike 2-1: Fly out, F7 (Flyball, 7D) Runner from 3rd tags up, SCORES, no throw
|
Batting: RHB Eichiro Yamamoto
|
0-0: Called Strike 0-1: Ball 1-1: Foul Ball, location: 2F 1-2: Ball 2-2: Foul Ball, location: 2F 2-2: Foul Ball, location: 2F 2-2: Foul Ball, location: 2F 2-2: Ball 3-2: Ground out 6-3 (Groundball, 6M)
|
Top of the 1st over - 3 run(s), 0 hit(s), 0 error(s), 0 left on base; Irvine 3 - San Francisco 0 |
BOTTOM OF THE 1ST |
San Francisco Bandits batting - Pitching for Irvine Gang Green : LHP Frank Jackson
|
Pitching: LHP Frank Jackson
|
|
Batting: RHB Pete Rideout
|
0-0: Foul Ball, location: 2F 0-1: Called Strike 0-2: Ball 1-2: Ball 2-2: Strikes out looking
|
Batting: RHB Emílio Bruno
|
0-0: Ball 1-0: Foul Ball, location: 2F 1-1: Foul Ball, location: 2F 1-2: Foul Ball, location: 2F 1-2: Ball 2-2: SINGLE (Groundball, 56D) (infield hit)
|
Batting: RHB Michael Elliott
|
0-0: Ball 1-0: Foul Ball, location: 2F 1-1: Ball 2-1: Swinging Strike 2-2: Foul Ball, location: 2F 2-2: Ball 3-2: Foul Ball, location: 2F 3-2: Foul Ball, location: 2F 3-2: Strikes out swinging
|
Batting: RHB Cory Foster
|
0-0: Ball 1-0: Ball 2-0: Ball 3-0: Called Strike 3-1: Foul Ball, location: 2F 3-2: SINGLE (Groundball, 34D) Emílio Bruno to second Emílio Bruno to third
|
Batting: RHB Javier Ramírez
|
0-0: Fly out, F7 (Flyball, 7LD)
|
Bottom of the 1st over - 0 run(s), 2 hit(s), 0 error(s), 2 left on base; Irvine 3 - San Francisco 0 |
TOP OF THE 2ND |
Irvine Gang Green batting - Pitching for San Francisco Bandits : RHP Mabuchi Yoshida
|
Batting: RHB Pepe González
|
0-0: Called Strike 0-1: Ball 1-1: Foul Ball, location: 2F 1-2: Ball Single, Error in OF, E8, batter to second base
|
Batting: RHB Santo Cruz
|
0-0: Foul Ball, location: 2F 0-1: Ball 1-1: Ball 2-1: SINGLE (Groundball, 5L) Pepe González to third Runner from 3rd tries for Home, SAFE, no throw or cutoff
|
Batting: RHB Mario Beltrán
|
0-0: Ball 1-0: Fly out, F9 (Flyball, 89S)
|
Batting: LHB Jesús Campos
|
0-0: Fly out, F3 (Line Drive, 34S) 0-0: Lined into DP, U3 (Line Drive, 34S)
|
Top of the 2nd over - 1 run(s), 2 hit(s), 1 error(s), 0 left on base; Irvine 4 - San Francisco 0 |
BOTTOM OF THE 2ND |
San Francisco Bandits batting - Pitching for Irvine Gang Green : LHP Frank Jackson
|
Batting: RHB Ed Starr
|
0-0: Ball 1-0: Ball 2-0: Ball 3-0: Swinging Strike 3-1: Foul Ball, location: 2F 3-2: Ground out 1-3 (Groundball, 23)
|
Batting: RHB Sadao Kato
|
0-0: Called Strike 0-1: Ball 1-1: DOUBLE (Flyball, 9LS)
|
Batting: RHB Jorge Díaz
|
0-0: Ball 1-0: Ball 2-0: Foul Ball, location: 2F 2-1: Ball 3-1: Foul Ball, location: 2F 3-2: Ground out U3 (Groundball, 3) Sadao Kato to third
|
Batting: RHB Wilfred Martin
|
0-0: Foul Ball, location: 2F 0-1: Foul Ball, location: 2F 0-2: Ball 1-2: Ball 2-2: 2-RUN HOME RUN (Flyball, 7D), Distance : 362 ft
|
Batting: RHB Pete Rideout
|
0-0: Foul Ball, location: 2F 0-1: Ball 1-1: Ball 2-1: DOUBLE (Line Drive, 78S)
|
Batting: RHB Emílio Bruno
|
0-0: Ball 1-0: Fly out, F7 (Flyball, 78M)
|
Bottom of the 2nd over - 2 run(s), 3 hit(s), 0 error(s), 1 left on base; Irvine 4 - San Francisco 2 |
TOP OF THE 3RD |
Irvine Gang Green batting - Pitching for San Francisco Bandits : RHP Mabuchi Yoshida
|
Batting: RHB José Salazar
|
0-0: Foul Ball, location: 2F 0-1: Foul Ball, location: 2F 0-2: Ball 1-2: Ball 2-2: Foul Ball, location: 2F 2-2: Ball 3-2: SINGLE (Groundball, 6D)
|
Batting: RHB Buck Jones
|
0-0: Fly out, F2 (Popup, 2R)
|
Batting: LHB Víctor Quiñones
|
0-0: Ball 1-0: Ball 2-0: Called Strike 2-1: Called Strike 2-2: Strikes out swinging
|
Batting: RHB Manny Copriviza
|
Pickoff Throw to First - Error! E1 José Salazar to second 0-0: Ball 1-0: Called Strike 1-1: Ground out 5-3 (Groundball, 5S)
|
Top of the 3rd over - 0 run(s), 1 hit(s), 1 error(s), 1 left on base; Irvine 4 - San Francisco 2 |
BOTTOM OF THE 3RD |
San Francisco Bandits batting - Pitching for Irvine Gang Green : LHP Frank Jackson
|
Batting: RHB Michael Elliott
|
0-0: Ball 1-0: Foul Ball, location: 2F 1-1: Ball 2-1: Ball 3-1: Ground out 1-3 (Groundball, 15S)
|
Batting: RHB Cory Foster
|
0-0: Called Strike 0-1: Ball 1-1: Swinging Strike 1-2: Ball 2-2: Ground out 5-3 (Groundball, 56)
|
Batting: RHB Javier Ramírez
|
0-0: Ball 1-0: Ball 2-0: Fly out, F4 (Line Drive, 4M)
|
Bottom of the 3rd over - 0 run(s), 0 hit(s), 0 error(s), 0 left on base; Irvine 4 - San Francisco 2 |
TOP OF THE 4TH |
Irvine Gang Green batting - Pitching for San Francisco Bandits : RHP Mabuchi Yoshida
|
Batting: RHB Eichiro Yamamoto
|
0-0: Called Strike 0-1: Called Strike 0-2: Ball 1-2: Foul Ball, location: 2F 1-2: DOUBLE (Flyball, 8LXD)
|
Batting: RHB Pepe González
|
0-0: Ball 1-0: DOUBLE (Line Drive, 7LS) Eichiro Yamamoto scores
|
Batting: RHB Santo Cruz
|
0-0: SINGLE (Line Drive, 78S) Pepe González to third
|
Batting: RHB Mario Beltrán
|
0-0: Grounds into double play, 5-4-3 (Groundball, 56) Pepe González scores
|
Batting: LHB Jesús Campos
|
0-0: Ball 1-0: Called Strike 1-1: Swinging Strike 1-2: Strikes out swinging
|
Top of the 4th over - 2 run(s), 3 hit(s), 0 error(s), 0 left on base; Irvine 6 - San Francisco 2 |
BOTTOM OF THE 4TH |
San Francisco Bandits batting - Pitching for Irvine Gang Green : LHP Frank Jackson
|
Batting: RHB Ed Starr
|
0-0: Called Strike 0-1: Ball 1-1: Ground out 2-3 (Groundball, 2L)
|
Batting: RHB Sadao Kato
|
0-0: Ground out 4-3 (Groundball, 4)
|
Batting: RHB Jorge Díaz
|
0-0: Called Strike 0-1: Fly out, F8 (Flyball, 8LM)
|
Bottom of the 4th over - 0 run(s), 0 hit(s), 0 error(s), 0 left on base; Irvine 6 - San Francisco 2 |
TOP OF THE 5TH |
Irvine Gang Green batting - Pitching for San Francisco Bandits : RHP Mabuchi Yoshida
|
Batting: RHB José Salazar
|
0-0: Ball 1-0: Ball 2-0: Foul Ball, location: 2F 2-1: Swinging Strike 2-2: Ball 3-2: Base on Balls
|
Batting: RHB Buck Jones
|
0-0: Ball 1-0: Foul Ball, location: 2F 1-1: Ball 2-1: Ball 3-1: Foul Ball, location: 2F 3-2: Foul Ball, location: 2F 3-2: DOUBLE (Flyball, 9LM) José Salazar to third
|
Batting: LHB Víctor Quiñones
|
0-0: Ball 1-0: Ball 2-0: Ball 3-0: Base on Balls
|
Batting: RHB Manny Copriviza
|
0-0: Ball 1-0: Foul Ball, location: 2F 1-1: Ball 2-1: Foul Ball, location: 2F 2-2: Foul Ball, location: 2F 2-2: Foul Ball, location: 2F 2-2: Foul Ball, location: 2F 2-2: Foul Ball, location: 2F 2-2: Fly out, F6 (Popup, 56)
|
Pitching: RHP Tim Lyons
|
|
Batting: RHB Eichiro Yamamoto
|
0-0: Called Strike 0-1: SINGLE (Groundball, 6MD) (infield hit) José Salazar scores Buck Jones to third Víctor Quiñones to second
|
Batting: RHB Pepe González
|
0-0: Foul Ball, location: 2F 0-1: Foul Ball, location: 2F 0-2: Ball 1-2: Foul Ball, location: 2F 1-2: Ball 2-2: Grounds into double play, U6-3 (Groundball, 6M)
|
Top of the 5th over - 1 run(s), 2 hit(s), 0 error(s), 2 left on base; Irvine 7 - San Francisco 2 |
BOTTOM OF THE 5TH |
San Francisco Bandits batting - Pitching for Irvine Gang Green : LHP Frank Jackson
|
Batting: RHB Wilfred Martin
|
0-0: Foul Ball, location: 2F 0-1: Ball 1-1: Called Strike 1-2: DOUBLE (Line Drive, 9LD)
|
Batting: RHB Pete Rideout
|
0-0: Ball 1-0: Ground out 6-3 (Groundball, 6)
|
Batting: RHB Emílio Bruno
|
0-0: Foul Ball, location: 2F 0-1: SINGLE (Line Drive, 4MD) Wilfred Martin to third Runner from 3rd tries for Home, SAFE, throw made home
|
Batting: RHB Michael Elliott
|
0-0: Ball 1-0: Called Strike 1-1: Ball Emílio Bruno steals 2nd base 2-1: Foul Ball, location: 2F 2-2: SINGLE (Flyball, 7S) Emílio Bruno to third Throwing error, E7 Emílio Bruno scores Michael Elliott to second
|
Batting: RHB Cory Foster
|
0-0: Ground out 6-3 (Groundball, 6) Michael Elliott to third
|
Batting: RHB Javier Ramírez
|
0-0: Hit by Pitch
|
Batting: RHB Ed Starr
|
0-0: Called Strike Javier Ramírez is caught stealing 2nd base
|
Bottom of the 5th over - 2 run(s), 3 hit(s), 1 error(s), 0 left on base; Irvine 7 - San Francisco 4 |
TOP OF THE 6TH |
Irvine Gang Green batting - Pitching for San Francisco Bandits : RHP Tim Lyons
|
Batting: RHB Santo Cruz
|
0-0: Ball 1-0: Ball 2-0: SINGLE (Line Drive, 6M)
|
Batting: RHB Mario Beltrán
|
0-0: Called Strike 0-1: Ball 1-1: Ball 2-1: Foul Ball, location: 2F 2-2: Foul Ball, location: 2F 2-2: Grounds into double play, 6-4-3 (Groundball, 6)
|
Batting: LHB Jesús Campos
|
0-0: Ball 1-0: Foul Ball, location: 2F 1-1: Ball 2-1: Swinging Strike 2-2: Strikes out swinging
|
Top of the 6th over - 0 run(s), 1 hit(s), 0 error(s), 0 left on base; Irvine 7 - San Francisco 4 |
BOTTOM OF THE 6TH |
San Francisco Bandits batting - Pitching for Irvine Gang Green : LHP Frank Jackson
|
Batting: RHB Ed Starr
|
0-0: Called Strike 0-1: Ball 1-1: Ball 2-1: Called Strike 2-2: Ball 3-2: Foul Ball, location: 2F 3-2: Base on Balls
|
Batting: RHB Sadao Kato
|
0-0: Called Strike 0-1: SINGLE (Line Drive, 9S) Ed Starr to second Ed Starr to third
|
Batting: RHB Jorge Díaz
|
0-0: Ball 1-0: Foul Ball, location: 2F 1-1: Ball 2-1: Ball 3-1: Grounds into double play, 5-4-3 (Groundball, 5L) Ed Starr scores
|
Pitching: RHP Raúl Saltines
|
|
Batting: RHB Wilfred Martin
|
0-0: Ball 1-0: Fly out, F9 (Flyball, 89M)
|
Bottom of the 6th over - 1 run(s), 1 hit(s), 0 error(s), 0 left on base; Irvine 7 - San Francisco 5 |
TOP OF THE 7TH |
Irvine Gang Green batting - Pitching for San Francisco Bandits : RHP Tim Lyons
|
Batting: RHB José Salazar
|
0-0: Ball 1-0: Swinging Strike 1-1: Ground out 5-3 (Groundball, 56)
|
Pitching: RHP Fernando Llama
|
|
Batting: RHB Buck Jones
|
0-0: Called Strike 0-1: Ball 1-1: Foul Ball, location: 2F 1-2: Ball 2-2: Strikes out looking
|
Batting: LHB Víctor Quiñones
|
0-0: SOLO HOME RUN (Flyball, 9D), Distance : 383 ft
|
Batting: RHB Manny Copriviza
|
0-0: Ball 1-0: Ball 2-0: Fly out, F7 (Flyball, 78S)
|
Top of the 7th over - 1 run(s), 1 hit(s), 0 error(s), 0 left on base; Irvine 8 - San Francisco 5 |
BOTTOM OF THE 7TH |
San Francisco Bandits batting - Pitching for Irvine Gang Green : RHP Raúl Saltines
|
Batting: RHB Pete Rideout
|
0-0: Foul Ball, location: 2F 0-1: Ball 1-1: Ground out 6-3 (Groundball, 6)
|
Batting: RHB Emílio Bruno
|
0-0: Ball 1-0: Called Strike 1-1: Ball 2-1: Called Strike 2-2: Ball 3-2: Strikes out swinging
|
Batting: RHB Michael Elliott
|
0-0: SOLO HOME RUN (Flyball, 7LD), Distance : 378 ft
|
Batting: RHB Cory Foster
|
0-0: Swinging Strike 0-1: Ball 1-1: Called Strike 1-2: Foul Ball, location: 2F 1-2: Ball 2-2: Ball 3-2: SINGLE (Groundball, 34S)
|
Batting: RHB Javier Ramírez
|
0-0: SINGLE (Groundball, 56D) Cory Foster to second
|
Batting: RHB Ed Starr
|
0-0: Foul Ball, location: 2F 0-1: Ball 1-1: Called Strike 1-2: Strikes out looking
|
Bottom of the 7th over - 1 run(s), 3 hit(s), 0 error(s), 2 left on base; Irvine 8 - San Francisco 6 |
TOP OF THE 8TH |
Irvine Gang Green batting - Pitching for San Francisco Bandits : RHP Fernando Llama
|
Batting: RHB Eichiro Yamamoto
|
0-0: Ball 1-0: Swinging Strike 1-1: Swinging Strike 1-2: Foul Ball, location: 2F 1-2: Ball 2-2: Strikes out swinging
|
Batting: RHB Pepe González
|
0-0: Foul Ball, location: 2F 0-1: Ball 1-1: Fly out, F4 (Line Drive, 4)
|
Batting: RHB Santo Cruz
|
0-0: Ball 1-0: Fly out, F7 (Flyball, 78M)
|
Top of the 8th over - 0 run(s), 0 hit(s), 0 error(s), 0 left on base; Irvine 8 - San Francisco 6 |
BOTTOM OF THE 8TH |
San Francisco Bandits batting - Pitching for Irvine Gang Green : RHP Raúl Saltines
|
Batting: RHB Sadao Kato
|
0-0: Foul Ball, location: 2F 0-1: Called Strike 0-2: Fly out, F8 (Flyball, 8RM)
|
Batting: RHB Jorge Díaz
|
0-0: Ground out 6-3 (Groundball, 6)
|
Batting: RHB Wilfred Martin
|
0-0: Called Strike 0-1: Ground out 3-1 (Groundball, 34)
|
Bottom of the 8th over - 0 run(s), 0 hit(s), 0 error(s), 0 left on base; Irvine 8 - San Francisco 6 |
TOP OF THE 9TH |
Irvine Gang Green batting - Pitching for San Francisco Bandits : RHP Fernando Llama
|
Batting: RHB Mario Beltrán
|
0-0: Called Strike 0-1: Foul Ball, location: 2F 0-2: Ball 1-2: Ball 2-2: Foul Ball, location: 2F 2-2: Ball 3-2: Strikes out looking
|
Batting: LHB Jesús Campos
|
0-0: Ball 1-0: Called Strike 1-1: Ball 2-1: Ball 3-1: Fly out, F7 (Line Drive, 7M)
|
Batting: RHB José Salazar
|
0-0: Called Strike 0-1: Ball 1-1: Ball 2-1: Foul Ball, location: 2F 2-2: Ball 3-2: Fly out, F7 (Line Drive, 7LD)
|
Top of the 9th over - 0 run(s), 0 hit(s), 0 error(s), 0 left on base; Irvine 8 - San Francisco 6 |
BOTTOM OF THE 9TH |
San Francisco Bandits batting - Pitching for Irvine Gang Green : RHP Raúl Saltines
|
Pitching: RHP Mike Fisher
|
|
Batting: RHB Pete Rideout
|
0-0: Foul Ball, location: 2F 0-1: Foul Ball, location: 2F 0-2: Ball 1-2: Ball 2-2: Foul Ball, location: 2F 2-2: Ball 3-2: Strikes out swinging
|
Batting: RHB Emílio Bruno
|
0-0: Ball 1-0: Ball 2-0: Ball 3-0: Fly out, F5 (Popup, 15S)
|
Batting: RHB Michael Elliott
|
0-0: Swinging Strike 0-1: Ball 1-1: Ball 2-1: Ground out 6-3 (Groundball, 6MS)
|
Bottom of the 9th over - 0 run(s), 0 hit(s), 0 error(s), 0 left on base; Irvine 8 - San Francisco 6 |
|